 Dungeon Crawl Stone Soup version 0.29-a0-283-ga02f740833 (webtiles) character file.

Game seed: 2968433560241930796

3032 Ajdolov the Ogre Mage (level 9, -6/96 (97) HPs)
             Began as an Ogre Fire Elementalist on Mar 13, 2022.
             Was a Believer of Vehumet.
             Mangled by a two-headed ogre
             ... wielding a +0 giant spiked club
              (25 damage)
             ... on level 7 of the Dungeon.
             The game lasted 00:13:14 (8776 turns).

Ajdolov the Ogre Mage (Ogre Fire Elementalist)      Turns: 8776, Time: 00:13:14

HP:   -6/96 (97)    AC:  3    Str: 20    XL:     9   Next: 86%
MP:   11/22         EV:  9    Int: 20    God:    Vehumet [**....]
Gold: 246           SH:  0    Dex:  9    Spells: 21/26 levels left

rFire   . . .      SeeInvis .   g - +2 short sword (drain)
rCold   . . .      Faith    .   (no shield)
rNeg    . . .      Spirit   .   a - +0 robe
rPois   .          Reflect  .   v - +0 hat
rElec   .          Harm     .   (no cloak)
rCorr   .          Rampage  .   (gloves unavailable)
Will    .....                   (boots unavailable)
Stlth   +.........              s - amulet of magic regeneration
HPRegen 0.26/turn               y - +6 ring of strength
MPRegen 0.58/turn               (no ring)

@: lightly drained
A: large, unfitting armour, tough skin 1
a: Renounce Religion


You were on level 7 of the Dungeon.
You worshipped Vehumet.
Vehumet was pleased with you.
You visited 2 branches of the dungeon, and saw 9 of its levels.

You collected 274 gold pieces.
You spent 28 gold pieces at shops.

Inventory:

Hand Weapons
 g - a +2 short sword of draining (weapon)
Missiles
 c - a throwing net
Armour
 a - a +0 robe (worn)
 v - a +0 hat (worn)
Jewellery
 s - an amulet of magic regeneration (around neck)
 y - a +6 ring of strength (left hand)
Wands
 r - a wand of mindburst (16)
 x - a wand of polymorph (12)
Scrolls
 e - 2 scrolls of magic mapping
 h - 5 scrolls of amnesia
 i - 2 scrolls of vulnerability {unknown}
 l - 2 scrolls of enchant weapon {unknown}
 m - a scroll of blinking {unknown}
 n - 2 scrolls of enchant armour {unknown}
 o - 3 scrolls of teleportation
 t - a scroll of identify
 u - 2 scrolls of fog {unknown}
 z - 2 scrolls of noise {unknown}
Potions
 b - a potion of magic
 f - a potion of flight
 j - 3 potions of might
 k - 3 potions of degeneration
 p - 2 potions of lignification {unknown}
 q - a potion of resistance {unknown}
 w - 3 potions of heal wounds
 B - a potion of curing
 C - a potion of berserk rage {unknown}


   Skills:
 + Level 8.8 Fighting
 - Level 1.7 Dodging
 - Level 1.4 Stealth
 + Level 9.3 Spellcasting
 - Level 6.0 Conjurations
 - Level 4.2 Fire Magic
 * Level 2.3 Poison Magic


You had 21 spell levels left.
You knew the following spells:

 Your Spells              Type           Power      Damage    Failure   Level
a - Foxfire               Conj/Fire      100%       2x1d9     1%          1
b - Scorch                Fire           52%        2d8       1%          2
c - Poisonous Vapours     Pois/Air       26%        N/A       7%          2

Your spell library contained the following spells:

 Spells                   Type           Power      Damage    Failure   Level
 Conjure Flame            Conj/Fire      29%        6-21      2%          3
 Static Discharge         Conj/Air       21%        N/A       3%          2
 Slow                     Hex            36%        N/A       8%          1
 Flame Wave               Conj/Fire      29%        2d8       9%          4
 Inner Flame              Hex/Fire       17%        N/A       10%         3
 Ensorcelled Hibernation  Hex/Ice        18%        N/A       11%         2
 Passwall                 Tmut/Erth      7%         N/A       11%         2
 Sublimation of Blood     Necr           9%         N/A       11%         2
 Wereblood                Tmut           9%         N/A       11%         2
 Confusing Touch          Hex            9%         N/A       22%         3
 Swiftness                Air            9%         N/A       22%         3
 Vampiric Draining        Necr           9%         2d6       22%         3
 Lightning Bolt           Conj/Air       10%        1d23      52%         5
 Dragon Form              Tmut           4%         N/A       100%        7
 Spellforged Servitor     Conj/Summ      10%        N/A       100%        7
 Summon Hydra             Summ           4%         N/A       100%        7
 Maxwell's Capacitive Co  Air            4%         ∞         100%        8


Dungeon Overview and Level Annotations

Branches:
Dungeon (8/15)             Temple (1/1) D:4
   Lair: D:8-11

Altars:
Cheibriados
Dithmenos
Elyvilon
Fedhas
Gozag
Okawaru
Qazlal
Ru
Uskayaw
Vehumet
Xom
Zin
The Shining One

Shops:
D:2 *   D:6 ((


Innate Abilities, Weirdness & Mutations

You are too large for most types of armour.
You have tough skin. (AC +1)


Message History

Flames lash the howler monkey.
The howler monkey is burned terribly!
You kill the howler monkey!
Vehumet accepts your kill. The wight hits you with a +0 dagger!
You feel drained.
A wight comes into view. It is wielding a +4 dagger.
Flames lash the wight.
The wight is burned terribly!
You destroy the wight!
Vehumet accepts your kill.
You feel your power returning. 2 wights come into view.
Found a stone staircase leading up.
A two-headed ogre comes into view.
It is wielding a +0 giant spiked club and a +0 giant club.
Things that are here:
a +0 dagger; a +0 robe
There is a stone staircase leading up, spattered with blood here.
Flames lash the two-headed ogre.
The two-headed ogre is moderately wounded.
The two-headed ogre's fire resistance burns away.
Flames lash the wight.
The wight is lightly damaged.
The wight's fire resistance burns away.
The two-headed ogre hits you with a +0 giant spiked club!!
The two-headed ogre barely misses you.
You climb upwards.
There is a stone staircase leading down here.
Flames lash the two-headed ogre.
The two-headed ogre is burned terribly!
The two-headed ogre is moderately wounded.
Flames lash the two-headed ogre.
The two-headed ogre is burned terribly!
The two-headed ogre is moderately wounded.
The two-headed ogre barely misses you.
The two-headed ogre hits you with a +0 giant club!!
You are too injured to fight recklessly!
You are too injured to fight recklessly!
The two-headed ogre attacks as you move away!
The two-headed ogre closely misses you.
The two-headed ogre hits you with a +0 giant club!
* * * LOW HITPOINT WARNING * * *
The two-headed ogre attacks as you move away!
The two-headed ogre hits you with a +0 giant spiked club!!
You die...

### ###### #.# ##.....
##.### ###......
#>O@.### #........
##......######......#
###..##.......####..###
##..########.........#
##..## #####....##
##..## ####..# ###..##
##.## ######..### ##.##
...##..## #..#


You could see a two-headed ogre (combustible).

Vanquished Creatures
  A troll (D:7)
  2 wyverns
  2 steam dragons (D:6)
  A black bear (D:6)
  2 ice beasts
  2 ogres
  A centaur (D:7)
  A kobold brigand (D:7)
  A bullfrog (D:7)
  A necrophage (D:6)
  A gnoll sergeant (D:4)
  6 scorpions
  4 wights
  4 killer bees (D:7)
  2 howler monkeys (D:8)
  4 hounds
  A jelly (D:6)
  4 orc priests
  4 iguanas
  2 orc wizards
  10 gnolls
  8 adders
  A shadow imp (D:7)
  A white imp (D:7)
  2 ufetubi (D:6)
  2 worms (D:2)
  2 dart slugs
  22 orcs
  3 bats
  6 endoplasms
  A giant cockroach (D:4)
  5 goblins
  4 hobgoblins
  7 ball pythons
  2 frilled lizards
  9 kobolds
  5 rats
136 creatures vanquished.

Vanquished Creatures (others)
  29 foxfires
  A plant (D:6)
30 creatures vanquished.

Grand Total: 166 creatures vanquished

Notes
Turn   | Place    | Note
-------+----------+-------------------------------------------
     0 | D:1      | Ajdolov the Ogre Fire Elementalist began the quest for the
                  | Orb.
     0 | D:1      | Reached XP level 1. HP: 16/16 MP: 3/3
    56 | D:1      | You fall into a shaft and drop 1 floor!
    62 | D:2      | Reached XP level 2. HP: 24/24 MP: 0/5
   478 | D:1      | Reached XP level 3. HP: 31/31 MP: 2/6
   526 | D:1      | Learned a level 2 spell: Scorch
  1292 | D:2      | Reached XP level 4. HP: 40/40 MP: 2/8
  1577 | D:2      | Found a faded altar of an unknown god.
  1653 | D:2      | Found Ukutunae's General Store.
  1658 | D:2      | Bought a scroll of identify for 28 gold pieces
  1750 | D:3      | Found a stormy altar of Qazlal.
  1774 | D:3      | Reached skill level 1 in Fighting
  1774 | D:3      | Reached skill level 3 in Spellcasting
  2294 | D:3      | Noticed a scorpion
  2299 | D:3      | Killed a scorpion
  2300 | D:3      | Reached skill level 4 in Spellcasting
  2300 | D:3      | Reached XP level 5. HP: 43/50 MP: 3/11
  2982 | D:4      | Found a staircase to the Ecumenical Temple.
  2995 | Temple   | Entered the Ecumenical Temple
  3197 | Temple   | Became a worshipper of Vehumet
  3260 | D:4      | Reached XP level 6. HP: 5/61 MP: 3/13
  3721 | D:3      | Reached skill level 5 in Spellcasting
  3805 | D:4      | Got the Guide on Changing and Attacks
  4100 | D:4      | Reached XP level 7. HP: 55/68 MP: 7/15
  4120 | D:4      | Reached skill level 6 in Spellcasting
  4233 | D:4      | Reached * piety under Vehumet
  4233 | D:4      | Offered knowledge of Magic Dart by Vehumet.
  4480 | D:4      | Reached skill level 5 in Fighting
  4619 | D:4      | Found a sacrificial altar of Ru.
  4646 | D:4      | Found a shimmering altar of Xom.
  4799 | D:5      | Entered Level 5 of the Dungeon
  4957 | D:5      | Reached skill level 7 in Spellcasting
  5606 | D:6      | Reached skill level 1 in Conjurations
  5606 | D:6      | Reached XP level 8. HP: 83/83 MP: 12/19
  5701 | D:6      | Found Ifyodwyj's Antique Weapon Shop.
  5776 | D:6      | Found Xeatich's Hydra Hut.
  5779 | D:6      | Noticed a seven-headed hydra
  5959 | D:6      | Found a blossoming altar of Fedhas.
  6005 | D:6      | Reached skill level 8 in Spellcasting
  6282 | D:6      | HP: 3/84 [something/ball of steam (16)]
  7007 | D:7      | Noticed a wyvern
  7008 | D:7      | Noticed a troll
  7027 | D:6      | Killed a wyvern
  7028 | D:6      | Reached XP level 9. HP: 51/93 MP: 16/21
  7239 | D:7      | Reached skill level 5 in Conjurations
  7289 | D:7      | Killed a troll
  7985 | D:7      | Reached skill level 9 in Spellcasting
  8132 | D:7      | Reached ** piety under Vehumet
  8137 | D:7      | Offered knowledge of Poisonous Vapours by Vehumet.
  8142 | D:7      | Learned a level 2 spell: Poisonous Vapours
  8185 | D:7      | Found a hide-covered altar of Uskayaw.
  8400 | D:7      | Found an iron altar of Okawaru.
  8402 | D:7      | Found a glowing golden altar of the Shining One.
  8403 | D:7      | Found a shadowy altar of Dithmenos.
  8403 | D:7      | Found an opulent altar of Gozag.
  8420 | D:7      | Reached skill level 1 in Poison Magic
  8766 | D:8      | Noticed a two-headed ogre
  8776 | D:7      | Mangled by a two-headed ogre

Illustrated notes

Levels and vault maps discovered:
D:1:      ncdulo_halloftheorcs, layout_basic
D:2:      layout_basic, shapermc_ecumenical_altar_flowoftime, serial_shops,
          shop_statue
D:3:      layout_basic, nicolae_qazlal_general_emergency, skrybe_limestone_x,
          serial_park_tiny_pond, st_stairs_14
D:4:      layout_cave_pools, minitemple, minmay_temple_entry_mist,
          minmay_fractal_squares_5
D:5:      layout_basic
D:6:      cheibrodos_steamvent, layout_loops_ring, general_overflow_altar,
          serial_shops, kennysheep_mini, minmay_statues_item,
          minmay_misc_feat_alley, minmay_misc_feat_cross, doesnt_shop_hydraphobe
D:7:      layout_cave_pods, eat_drink_and_be_merry_uskayaw,
          grunt_temple_overflow_open, nicolae_ossuary_entry_monument,
          minmay_microvault
D:8:      layout_basic, uniq_maggie, uniq_joseph
Temple:   oiseaux_autumnal_temple

Skill      XL: |  1  2  3  4  5  6  7  8  9 |
---------------+----------------------------+-----
Fire Magic     | 3 4 |  4.2
Fighting       | 2 3 4 5 7 8 |  8.8
Spellcasting   | 4 5 7 8 9 |  9.3
Conjurations   | 1 4 6 |  6.0
Poison Magic   | 2 |  2.3
Dodging        | |  1.7
Stealth        | |  1.4

Action                   |  1- 3 |  4- 6 |  7- 9 || total
-------------------------+-------+-------+-------++-------
Melee: Unarmed           |     1 |       |       ||     1
       Short sword       |     9 |    10 |     7 ||    26
 Cast: Foxfire           |    20 |       |       ||    20
       Scorch            |    18 |    70 |   181 ||   269
  Use: Scroll            |       |     4 |     4 ||     8
       Potion            |       |     2 |       ||     2
 Stab: Sleeping          |     1 |       |       ||     1
Armor: Robe              |     6 |    12 |    21 ||    39
Dodge: Dodged            |    14 |    19 |    53 ||    86

Table legend: (Time is in decaauts)
 A = Elapsed time spent in this place.
 B = Non-inter-level travel time spent in this place.
 C = Inter-level travel time spent in this place.
 D = Time resting spent in this place.
 E = Time spent auto-exploring this place.
 F = Levels seen in this place.
 G = Mean time per level.
                   A        B        C        D        E       F      G
               +--------+--------+--------+--------+--------+-----+--------+
         Total |   8794 |   8414 |    380 |   1868 |   5286 |   9 |  977.1 |
       Dungeon |   8573 |   8193 |    380 |   1696 |   5275 |   8 | 1071.6 |
        Temple |    221 |    221 |      0 |    172 |     11 |   1 |  221.0 |
               +--------+--------+--------+--------+--------+-----+--------+

Top non-repeatable levels by time:
     D:7: 1573 daAuts
     D:4: 1429 daAuts
     D:3: 1282 daAuts
     D:6: 1282 daAuts
     D:5: 1109 daAuts
     D:2: 1090 daAuts
     D:1: 792 daAuts
  Temple: 221 daAuts
     D:8: 13 daAuts
